Cogmind - Beta 15 @@@ ROGUE MODE // 2025.09.27 @ 23:22:44 Player: Zable Result: Self-destructed Performance ------------- Evolutions (1) 500 Regions Visited (3) 600 Robots Destroyed (14) 70 Value Destroyed (255) 255 Prototype IDs (0) 0 Alien Tech Used (0) 0 Bonus (0) 0 TOTAL SCORE: 1425 Bonus ------- None Cogmind --------- Core Integrity 400/400 Matter 262/300 Energy 125/125 System Corruption 0% Temperature Cool (0) Movement Treading (160) Location -9/Materials Parts ------- > --- POWER (1) -------- Light Ion Engine > --- PROPULSION (3) --- Light Treads Light Treads Improved Aluminum Leg > --- UTILITY (3) ------ Small Storage Unit Improved Terrain Scanner > --- WEAPON (2) ------- Assault Rifle Rocket Launcher > --- INVENTORY (8) ---- Wheel Compact Wheel Small Laser Light Assault Rifle Grenade Launcher Mining Laser Peak State ------------ > --- POWER ------------ Light Ion Engine > --- PROPULSION ------- Light Treads Light Treads Improved Aluminum Leg > --- UTILITY ---------- Small Storage Unit Improved Terrain Scanner > --- WEAPON ----------- Assault Rifle Rocket Launcher > --- INVENTORY -------- Wheel Compact Wheel Small Laser Light Assault Rifle Grenade Launcher Mining Laser [Rating: 12] Favorites ----------- Power Light Ion Engine Engine Light Ion Engine Propulsion Light Treads Treads Light Treads Leg Aluminum Leg Wheel Compact Wheel Utility Small Storage Unit Device Improved Terrain Scanner Storage Small Storage Unit Weapon Assault Rifle Energy Gun Small Laser Ballistic Gun Assault Rifle Launcher Rocket Launcher Build | -11 -10 -10 -9 ------- Run | Yrd Mat Min Mat Slots Evolved 2 | . . . 2 Power . | . . . . Propulsion 1 | . . . 1 Utility 1 | . . . 1 Weapon . | . . . . Parts Attached 14 | 9 . 4 1 Power 2 | 1 . 1 . Engine 2 | 1 . 1 . Core . | . . . . Reactor . | . . . . Propulsion 6 | 3 . 2 1 Treads 2 | . . 2 . Leg 3 | 2 . . 1 Wheel 1 | 1 . . . Hover . | . . . . Flight . | . . . . Utility 2 | 2 . . . Device 1 | 1 . . . Storage 1 | 1 . . . Processor . | . . . . Hackware . | . . . . Protection . | . . . . Artifact . | . . . . Weapon 4 | 3 . 1 . Energy Gun 1 | 1 . . . Energy Cannon . | . . . . Ballistic Gun 2 | 2 . . . Ballistic Cannon . | . . . . Launcher 1 | . . 1 . Special Weapon . | . . . . Impact Weapon . | . . . . Slashing Weapon . | . . . . Piercing Weapon . | . . . . Special Melee Weapon . | . . . . Unidentified Prototypes . | . . . . Parts Lost 3 | . . 3 . Power 1 | . . 1 . Propulsion 2 | . . 2 . Utility . | . . . . Weapon . | . . . . Highest Loss Streak 3 | . . 3 . To Critical Strikes . | . . . . Average Backups 6 | 4 7 6 6 Power . | . 1 . . Propulsion 2 | 2 4 2 2 Utility . | . . . . Weapon 3 | . 2 3 4 Tool/Special . | . . . . Unused Backups 3 | . . . 3 Power . | . . . . Propulsion 1 | . . . 1 Utility . | . . . . Weapon 2 | . . . 2 Tool/Special . | . . . . Average Slot Usage (%) 98 | . 100 99 81 Engine 13 | . 14 13 11 Treads 18 | . . 22 22 Leg 8 | . 28 5 4 Device 13 | . 14 14 11 Storage 13 | . 14 14 11 Energy Gun 5 | . 14 4 . Ballistic Gun 13 | . 14 14 11 Launcher 7 | . . 9 11 Peak Build Rating 12 | 9 9 10 12 Average Rating 9 | 5 9 9 10 On Entrance 7 | . 9 9 10 Naked Turns . | . . . . Heaviest Build 15 | 12 12 15 15 Greatest Support 40 | 20 20 40 40 Greatest Overweight (x) 1 | . . . 1 Average Overweight (x) . | . . . . Largest Inventory Capacity 8 | 8 8 8 8 Average Capacity 7 | 7 8 8 8 Most Carried 8 | 7 8 8 6 Average Carried 6 | 4 7 6 6 Final Capacity 8 | 8 8 8 8 Final Carried 8 | 7 8 6 6 Class Distribution -------------------- 100% | Mutant Dominant Class ---------------- Mutant | -10/Materials Mutant | -10/Mines Mutant | -9/Materials Resources | -11 -10 -10 -9 ----------- Run | Yrd Mat Min Mat Matter Collected 390 | 185 116 89 . Remotely . | . . . . Salvage Created 290 | 27 119 48 96 Parts 26 | 3 12 3 8 Haulers Intercepted . | . . . . Recyclers Shooed . | . . . . Parts Field Recycled . | . . . . Retrieved Matter . | . . . . Parts Self-Destructed . | . . . . Prevented . | . . . . Kills | -11 -10 -10 -9 ------- Run | Yrd Mat Min Mat Combat Hostiles Destroyed 10 | . 5 3 2 Guns 8 | . 5 3 . AOE 2 | . . . 2 Classes Destroyed 6 | 1 2 . 3 Worker 1 | . . . 1 Tunneler 1 | 1 . . . Operator 1 | . . . 1 Watcher 1 | . . . 1 Swarmer 7 | . 4 3 . Grunt 3 | . 1 . 2 Best Kill Streak 5 | 1 3 3 5 Combat Bots Only 3 | . 3 3 2 Max Kills in Single Turn 3 | 1 1 1 3 Gunslinging . | . . . . Exploded 2 | . . . 2 Melee . | . . . . Uniques/NPCs Destroyed . | . . . . Combat | -11 -10 -10 -9 -------- Run | Yrd Mat Min Mat Hostile Shots Fired 88 | . 52 36 . Missed 22 | . 15 7 . Hits 66 | . 37 29 . Projectile 66 | . 37 29 . Critical Strikes 2 | . 1 1 . Damage Taken 643 | . 366 226 51 Core 148 | . 93 55 . Absorbed by Shields . | . . . . Core Remaining (%) 70 | 100 . 40 . Volleys Fired 27 | 5 11 9 2 Largest 2 | 2 2 2 2 Hottest 60 | 60 60 60 53 Shots Fired 54 | 10 22 18 4 Gun 52 | 10 22 18 2 Cannon . | . . . . Launcher 2 | . . . 2 Special . | . . . . Kinetic 27 | 5 11 9 2 Thermal 25 | 5 11 9 . Explosive 2 | . . . 2 Electromagnetic . | . . . . Robot Hit Streak 7 | 2 7 5 1 Robot Miss Streak 3 | 2 2 3 3 Penetration Max . | . . . . Secondary Targets 2 | . 1 1 . Max Gunslinging Chain 1 | . 1 1 . Shots Hit Robots 30 | 4 15 10 1 Core Hits 16 | 1 7 3 5 Critical Kills . | . . . . Critical Parts Destroyed . | . . . . Critical Strikes . | . . . . Melee Attacks . | . . . . Impact . | . . . . Slashing . | . . . . Piercing . | . . . . Sneak Attacks . | . . . . Combat Hostiles . | . . . . Follow-up Attacks . | . . . . Damage Inflicted 545 | 47 171 138 189 Guns 356 | 47 171 138 . Cannons . | . . . . Explosions 189 | . . . 189 Melee . | . . . . Ramming . | . . . . Kinetic 160 | 24 61 75 . Thermal 196 | 23 110 63 . Explosive 189 | . . . 189 Electromagnetic . | . . . . Impact . | . . . . Slashing . | . . . . Piercing . | . . . . Highest Corruption . | . . . . Average Corruption . | . . . . Corruption Purged . | . . . . Corruption Blocked . | . . . . Overload Shots . | . . . . Overflow Damage . | . . . . Projectiles . | . . . . Explosions . | . . . . Melee . | . . . . Knockbacks . | . . . . Impact . | . . . . Kinetic . | . . . . Secondary . | . . . . Self-Inflicted Damage . | . . . . Shots . | . . . . Rammed . | . . . . Targets Rammed . | . . . . Kicked . | . . . . Crushed . | . . . . Highest Temperature 54 | . 54 . . Average Temperature 27 | . 27 . . Received Heat Transfer 129 | . 129 . . Siege Activations . | . . . . Martial Activations . | . . . . Shielding Activations . | . . . . Robots Disrupted . | . . . . Combat Hostiles . | . . . . Robots Corrupted . | . . . . Combat Hostiles . | . . . . Parts Fried . | . . . . Impact Corruptions . | . . . . Robots Melted . | . . . . Combat Hostiles . | . . . . Parts Melted 2 | . 1 1 . Heat Transferred 450 | 50 250 150 . Parts Sabotaged . | . . . . Parts Stolen . | . . . . Parts Stripped . | . . . . Power Chain Reactions . | . . . . Alert | -11 -10 -10 -9 ------- Run | Yrd Mat Min Mat Maximum Alert Level . | . . . . Low Security (%) 100 | 100 100 100 100 Level 1 . | . . . . Level 2 . | . . . . Level 3 . | . . . . Level 4 . | . . . . Level 5 . | . . . . High Security . | . . . . Max Security . | . . . . Peak Influence 118 | 5 118 42 106 Initial 42 | . . 42 . Average 12 | . 52 5 13 Influence Increases 359 | 5 168 70 116 Destroy 0b10 Robot/C 200 | . 100 60 40 Destroy 0b10 Robot/NC 20 | 5 . . 15 Destroy Leader 32 | . 20 10 2 Successful Hack 3 | . 3 . . Disable Machine 45 | . . . 45 Destroy Structure 14 | . . . 14 Lose Combat Pursuer 45 | . 45 . . Influence Decreases 253 | 5 60 178 10 Entered New Map 66 | . . 66 . Time Decay 157 | 5 60 82 10 Lost Part 30 | . . 30 . Squads Dispatched 1 | . 1 . . Investigation 1 | . 1 . . Extermination . | . . . . Reinforcement . | . . . . Assault . | . . . . Garrison . | . . . . Intercept . | . . . . Searches Triggered . | . . . . Construction Impeded . | . . . . Haulers Reinforced . | . . . . Active Scanning Responses . | . . . . Cargo Convoy Interrupts . | . . . . Stealth | -11 -10 -10 -9 --------- Run | Yrd Mat Min Mat Distress Signals 1 | . . . 1 Communications Jammed . | . . . . Distress Signals . | . . . . Times Spotted 19 | . 13 3 3 Peak Tracking Total 5 | . 5 3 3 Tactical Retreats 2 | . 2 . . Traps | -11 -10 -10 -9 ------- Run | Yrd Mat Min Mat Traps Triggered 3 | . 1 . 2 Indirectly . | . . . . Trap Hack Attempts . | . . . . Triggered . | . . . . Disarmed . | . . . . Reprogrammed . | . . . . Reused . | . . . . Traps Extracted . | . . . . Installed . | . . . . Triggered . | . . . . Machines | -11 -10 -10 -9 ---------- Run | Yrd Mat Min Mat Machines Disabled 3 | . . . 3 Max in Single Turn 2 | . . . 2 Machines Repaired . | . . . . Machines Dismantled . | . . . . Machines Sabotaged . | . . . . Overloaded Fab Kills . | . . . . Hacking | -11 -10 -10 -9 --------- Run | Yrd Mat Min Mat Machines Accessed 2 | . 1 1 . Terminals 2 | . 1 1 . Fabricators . | . . . . Repair Stations . | . . . . Recycling Units . | . . . . Scanalyzers . | . . . . Garrison Access . | . . . . Total Hacks 3 | . 1 2 . Successful 2 | . 1 1 . Failed 1 | . . 1 . Catastrophic . | . . . . Database Lockouts . | . . . . Manual 1 | . 1 . . Terminals 3 | . 1 2 . Fabricators . | . . . . Repair Stations . | . . . . Recycling Units . | . . . . Scanalyzers . | . . . . Garrison Access . | . . . . Terminal Hacks 1 | . . 1 . Zone Layout 1 | . . 1 . Fabricator Hacks . | . . . . Repair Station Hacks . | . . . . Recycling Unit Hacks . | . . . . Scanalyzer . | . . . . Garrison Access Hacks . | . . . . Unauthorized Hacks 1 | . 1 . . Terminals 1 | . 1 . . Track 1 | . 1 . . Fabricators . | . . . . Repair Stations . | . . . . Recycling Units . | . . . . Scanalyzers . | . . . . Garrison Access . | . . . . Data Cores Recovered . | . . . . Used . | . . . . Hacking Detections 1 | . . 1 . Full Trace Events . | . . . . Feedback Events . | . . . . Feedback Blocked . | . . . . Robot Schematics Acquired . | . . . . Robots Built . | . . . . Authchips . | . . . . Time . | . . . . Total Robot Build Rating . | . . . . Part Schematics Acquired . | . . . . Parts Built . | . . . . Authchips . | . . . . Time . | . . . . Total Part Build Rating . | . . . . Parts Repaired . | . . . . Time . | . . . . Parts Recycled . | . . . . Recycled Matter . | . . . . Retrieved Matter . | . . . . Retrieved Components . | . . . . Parts Scanalyzed . | . . . . Part Schematics Acquired . | . . . . Parts Damaged . | . . . . Bothacking | -11 -10 -10 -9 ------------ Run | Yrd Mat Min Mat Used RIF Installer . | . . . . Robots Hacked . | . . . . Non-combat . | . . . . Combat . | . . . . Robot Hacks Applied . | . . . . Relay Couplers Released . | . . . . Fabnet Peak Effective % . | . . . . Robots Rewired . | . . . . Allies Hacked . | . . . . Hacks Repelled . | . . . . Allies | -11 -10 -10 -9 -------- Run | Yrd Mat Min Mat Total Allies . | . . . . Largest Group . | . . . . Highest-Rated Group . | . . . . Highest-Rated Ally . | . . . . Total Orders . | . . . . Ally Attacks . | . . . . Total Damage . | . . . . Kills . | . . . . Allies Corrupted . | . . . . Allies Melted . | . . . . Intel | -11 -10 -10 -9 ------- Run | Yrd Mat Min Mat Active Infowar (turns) 1069 | 11 182 805 71 Terrain 1069 | 11 182 805 71 Robot Analysis Total . | . . . . Derelict Logs Recovered 2 | . . 2 . Drone Launches . | . . . . Drone Recoveries . | . . . . Exploration | -11 -10 -10 -9 ------------- Run | Yrd Mat Min Mat Turns Passed 1156 | 98 182 805 71 Spaces Moved 701 | 59 123 480 39 Core 2 | 2 . . . Treads 417 | . . 380 37 Legs 256 | 31 123 100 2 Wheels 26 | 26 . . . Hover . | . . . . Flight . | . . . . Fastest Speed 50 | 50 120 120 160 Average Speed 143 | 108 120 151 161 Slowest Speed 190 | 120 120 160 190 Overloaded Moves . | . . . . Propulsion Burnouts . | . . . . Robots Hopped . | . . . . Potential Cave-ins . | . . . . Cave-ins Triggered . | . . . . Exploration Rate (%) 33 | 4 29 89 11 Regions Visited 3 Branch Regions 1 Pre-discovered Areas . | . . . . Known Exits Taken . | . . . . Unknown Exits Taken 3 | 1 1 1 . Scrap Searched 2 | . . 2 . Spaces Dug . | . . . . Terrain Destroyed 12 | . . . 12 Melee . | . . . . Projectile . | . . . . AOE 12 | . . . 12 Terrain Rammed . | . . . . Walls Destroyed . | . . . . Machines Disabled . | . . . . Actions | -11 -10 -10 -9 --------- Run | Yrd Mat Min Mat Total 796 | 80 135 539 42 Wait 47 | . 1 46 . Move 698 | 58 122 479 39 Hop . | . . . . Pick Up 9 | 7 1 1 . Fast Attach 7 | 6 . . 1 Attach 5 | 2 . 3 . Detach 1 | 1 . . . Swap 2 | 1 . 1 . Drop . | . . . . Fire 27 | 5 11 9 2 Melee . | . . . . Ram . | . . . . Kick . | . . . . Crush . | . . . . Escape Stasis . | . . . . Rewire . | . . . . Trap . | . . . . Miscellaneous . | . . . . Route ------- -11/Scrapyard -10/Materials -10/Mines (discovered 3 exits: *Mat x2 / [*Sub]) -9/Materials (discovered 1 exit: [*Min]) History --------- Turn | Location | Event 15 | -11/Scrapyard | Discovered new exit (range 16) 99 | -11/Scrapyard | Entered Materials 263 | -10/Materials | Discovered new exit (range 15) 281 | -10/Materials | Entered Mines 318 | -10/Mines | Build established: Mutant 363 | -10/Mines | Learned Materials garrison access intel 408 | -10/Mines | Core integrity fell below 50% 451 | -10/Mines | Lost 3 parts (1p2n) 457 | -10/Mines | Discovered new exit (range 7) 544 | -10/Mines | Received a Rocket Launcher from a helpful Derelict 658 | -10/Mines | Discovered new exit (range 6) 871 | -10/Mines | Discovered new exit (range 5) 981 | -10/Mines | Learned Materials garrison access intel 1086 | -10/Mines | Entered Materials 1086 | -9/Materials | Evolved 2 slots: Propulsion x1, Utility x1 1138 | -9/Materials | Discovered new exit (range 16) 1157 | -9/Materials | Self-destructed Last Messages --------------- GOAL=ESCAPE 01117_ Triggered Explosive Trap. 01117_ An explosion rips through the floor. 01117_ Processing Tank disabled. 01123_ Acquired Imp. Aluminum Leg. 01133_ Connecting with Scanalyzer... 01133_ Current location identified: Materials 01138_ EXIT=FOUND 01140_ K-01 Serf collects debris. 01140_ O-16 Technician: "IFF HANDSHAKE FAILED. SECURING TERMINAL." 01141_ Terminal disabled. 01141_ O-16 Technician destroyed. 01141_ K-01 Serf destroyed. 01141_ Processing Tank disabled. 01144_ Triggered Explosive Trap. 01144_ An explosion rips through the floor. 01150_ W-16 Scout sends out distress signal. 01151_ W-16 Scout destroyed. 01151_ G-34 Mercenary destroyed. 01153_ U-05 Engineer lays Concrete. Map ----- +----------------------------------------------------+ | ?????????????????????????????????????????????????? | | ?????????????????????????????????????????????????? | | ?????????????????????????????????????????????????? | | ?????????????????????????????????????????????????? | | ?????????????????????????????????????????????????? | | ?????????????????????????????????????????????????? | | ?????????????????????????????????????????????????? | | ?????????????????????????????????????????????????? | | ?????????????????????????????????????????????????? | | ?????????????????????????????????????????????????? | | ????????????????????? ? ??? ?????????????????????? | | ????????????????????? # ###?????????????????????# | | ????????????????????? ?????######???????????# | | ????????????????????? #? % #?????????? # | | ????????????????????? % #???????????# | | ??????????????????????== = #??#????????# | | ?????????????????????? """ #???????????# | | ??????????????????????# """ "" #????????? ?# | | ??????????????????????# a # """ """ #???????????? | | ??????????????????????# # S" #???####+##### | | ??????????????????????# # ##### | | ?????????????#######??# ## ### # # | | ?????????????# ## % | | ???????????? = ##### | | ??????????? < #??? | | ???????????? "@ """ "" "" #? | | ?????????????# # """"" """"" # """ | | ?????????????????????# u % """" """"" # """ | | ?????????????????????# = # """ | | ?????????????????????# # | | ???????????????????? """"" """"" """"" #? | | ?????????????????? """"" """"" """"" #? | | ???????????????? """"" """"" """"" #?### | | ??????????????? ? ??? #???? | | ??????????????? ? ??? #???? | | ?????????????? ? ########??+###???? | | ???????????????########?????#####????????????????? | | ?????????????????????????????????????????????????? | | ???????????????????????????????????????? ????????? | | ?????????????????????????????????????????????????? | | ?????????????????????????????????????????????????? | | ?????????????????????????????????????????????????? | | ?????????????????????????????????????????????????? | | ?????????????????????????????????????????????????? | | ?????????????????????????????????????????????????? | | ?????????????????????????????????????????????????? | | ?????????????????????????????????????????????????? | | ?????????????????????????????????????????????????? | | ?????????????????????????????????????????????????? | | ?????????????????????????????????????????????????? | +----------------------------------------------------+ Best States ------------- Heat Dissipation 28 Energy Generation 10 Energy Capacity 125 Matter Stores 300 Matter Capacity 300 Sight Range 16 Terrain Scan Range 16 Terrain Scan Density 10 Evasion (%) 55 Recoil Reduction 2 Item Schematics ----------------- None Robot Schematics ------------------ None Fabricated ------------ Nothing Repaired ---------- Nothing Alien Tech Used ----------------- None Achievements -------------- None Challenges ------------ None Game ------ Seed VortexBeamMinigun Manual? 0 Play Time 00:08:04 Cumulative 15.7 hours Start 2025.09.07 @ 18:50:06 End 2025.09.27 @ 23:22:44 Sessions 2 Manual Loads 0 Difficulty Rogue Special Mode None Game No. 24 Rogue 16 Adventurer 8 Explorer 0 Win Type - Total 0 Types 0/0/0/0/0/0/0/0/0/0 Lore% 11 Gallery% 24 Achievement% 21 Wizard Run 0 Options --------- Layout 1 ASCII 0 Keyboard 0 Movement Numpad Keybinds 0 Fullscreen 1 Font 32/SmallcapsGlow Map View 130x35 Zoom Use 0% Tactical HUD 1 Map Filters NONE Filters NONE Steam 1 RUN: 84784fc1-4958-4ae2-9656-1ccbe130c776